 Dungeon Sprint DCSS version 0.21-a0-221-gfe971b9 (webtiles) character file.

111 potatolord6000 the Chucker (level 4, -1/50 HPs)
             Began as an Ogre Hunter on Aug 25, 2017.
             Was a Follower of Qazlal.
             Slain by a quokka (5 damage)
             ... in the Dungeon (Sprint VII: "The Pits") on Aug 26, 2017.
             The game lasted 00:02:56 (376 turns).

potatolord6000 the Chucker (Ogre Hunter)             Turns: 376, Time: 00:02:57

Health: -1/50      AC:  3    Str: 17    XL:     4   Next: 92%
Magic:  6/9        EV: 11    Int: 12    God:    Qazlal [*.....]
Gold:   0          SH:  1    Dex:  9    Spells: 10/10 levels left

rFire    . . .     SeeInvis .   a - +0 short sword
rCold    . . .     Gourm    .   (no shield)
rNeg     . . .     Faith    .   b - +0 robe
rPois    .         Spirit   .   (helmet restricted)
rElec    .         Reflect  .   (no cloak)
rCorr    .         Harm     .   (gloves unavailable)
MR       .....     NoTele   +   (boots unavailable)
Stlth    +.........             (no amulet)
HPRegen  0.16/turn              (no ring)
MPRegen  0.11/turn              (no ring)

@: hasted, very quick
A: unfitting armour, tough skin 1
a: Renounce Religion


You were in the Dungeon.
You worshipped Qazlal.
Qazlal was aware of your devotion.
You were not hungry.

You visited 1 branch

Inventory:

Hand Weapons
 a - a +0 short sword (weapon)
Armour
 b - a +0 robe (worn)
Scrolls
 k - a scroll of blinking
 l - 3 scrolls of remove curse
 m - 5 scrolls of amnesia
 n - a scroll of summoning
Potions
 d - 2 potions of invisibility
 e - a potion of curing
 i - 4 potions of magic
 j - 3 potions of berserk rage
Comestibles
 f - 8 bread rations
 o - 40 fruits
 p - 7 meat rations


   Skills:
 + Level 5.3 Fighting
 + Level 5.3 Throwing
 + Level 3.6 Dodging
 - Level 1.0 Stealth
 + Level 2.7 Unarmed Combat
 + Level 3.5 Spellcasting
 * Level 4.9 Invocations


You had 10 spell levels left.
You didn't know any spells.

Dungeon Overview and Level Annotations

Branches:
Dungeon (1/1)

Altars:
Ashenzari
Cheibriados
Dithmenos
Elyvilon
Fedhas
Gozag
Hepliaklqana
Kikubaaqudgha
Makhleb
Nemelex Xobeh
Okawaru
Qazlal
Ru
Sif Muna
Trog
Uskayaw
Vehumet
Wu Jian
Xom
Yredelemnul
Zin
The Shining One
Beogh
Jiyva
Lugonu


Innate Abilities, Weirdness & Mutations

You are too large for most types of armour.
You have tough skin. (AC +1)


Message History

Okay, then.
You feel yourself speed up. The quokka barely misses you.
You barely miss the quokka.
The gnoll hits you from afar with a halberd!
The quokka misses you.
Unknown command.
You closely miss the quokka. The quokka bites you.
* * * LOW HITPOINT WARNING * * *
The gnoll hits you from afar with a halberd!
* * * LOW HITPOINT WARNING * * *
Unknown command.
You barely miss the quokka.
The quokka bites you but does no damage.
Unknown command.
You hit the quokka but do no damage. The gnoll barely misses you.
Unknown command.
You hit the quokka.
The quokka is almost dead.
The quokka bites you.
You die...

#_________.#
#_________.#
#_______...##########
##########'##........
#.?(.')))'.##......#.
##########.##........
#...........'........
#+#####'#####......#.
#.@#..# #........
#.r').+ ####'####
##g#### #.......# .(.
#.......# #.(((
#.......# #####+
#...<...# #.......#
#.......# #.......#


You could see a gnoll and a quokka.

Vanquished Creatures
  A floating eye (D)
  An adder zombie (D)
  2 giant cockroaches (D)
  A hobgoblin (D)
5 creatures vanquished.

Notes
Turn   | Place    | Note
-------+----------+-------------------------------------------
     0 | D        | potatolord6000 the Ogre Hunter began the quest for the Orb.
     0 | D        | Reached XP level 1. HP: 22/22 MP: 1/1
    16 | D        | Reached skill level 1 in Stealth
    43 | D        | Found a bloodstained altar of Trog.
    43 | D        | Found a deep blue altar of Sif Muna.
    43 | D        | Found a viscous altar of Jiyva.
    43 | D        | Found a hazy altar of Hepliaklqana.
    43 | D        | Found an opulent altar of Gozag.
    44 | D        | Found a glowing golden altar of the Shining One.
    44 | D        | Found a glowing silver altar of Zin.
    44 | D        | Found a basalt altar of Yredelemnul.
    44 | D        | Found a shimmering altar of Xom.
    44 | D        | Found an ornate altar of the Wu Jian Council.
    44 | D        | Found a sacrificial altar of Ru.
    44 | D        | Found a stormy altar of Qazlal.
    44 | D        | Found an iron altar of Okawaru.
    44 | D        | Found a sparkling altar of Nemelex Xobeh.
    44 | D        | Found a burning altar of Makhleb.
    44 | D        | Found a blossoming altar of Fedhas.
    44 | D        | Found a white marble altar of Elyvilon.
    44 | D        | Found a shadowy altar of Dithmenos.
    44 | D        | Found a snail-covered altar of Cheibriados.
    47 | D        | Found a corrupted altar of Lugonu.
    47 | D        | Found a radiant altar of Vehumet.
    47 | D        | Found a roughly hewn altar of Beogh.
    48 | D        | Found an ancient bone altar of Kikubaaqudgha.
    48 | D        | Found a hide-covered altar of Uskayaw.
    48 | D        | Found a shattered altar of Ashenzari.
    51 | D        | Became a worshipper of Qazlal Stormbringer
   145 | D        | Reached skill level 1 in Spellcasting
   161 | D        | Reached * piety under Qazlal
   161 | D        | Reached skill level 1 in Invocations
   161 | D        | Reached XP level 2. HP: 11/31 MP: 4/4
   361 | D        | Noticed a floating eye
   363 | D        | Paralysed by a floating eye for 4 turns
   367 | D        | Killed a floating eye
   367 | D        | Reached skill level 5 in Fighting
   367 | D        | Reached skill level 5 in Throwing
   367 | D        | Reached XP level 3. HP: 7/42 MP: 5/8
   367 | D        | Reached XP level 4. HP: 8/50 MP: 5/9
   376 | D        | Slain by a quokka

Vault maps used:
D:        pitsprint

Skill      XL: |  1  2 |
---------------+-------+-----
Fighting       | 3 5 |  5.3
Dodging        | 2 3 |  3.6
Stealth        | 1 |  1.0
Spellcasting   | 1 3 |  3.5
Invocations    | 1 4 |  4.9
Throwing       | 5 |  5.3
Unarmed Combat | 2 |  2.7

Action                   |  1- 3 |  4- 6 || total
-------------------------+-------+-------++-------
Melee: Short sword       |    24 |     5 ||    29
Throw: Large rock        |     5 |     1 ||     6
  Use: Potion            |       |     2 ||     2
 Stab: Sleeping          |     1 |       ||     1
Armor: Robe              |     5 |     1 ||     6
Dodge: Dodged            |    12 |     6 ||    18

Table legend:
 A = Spawn XP
 B = Non-spawn XP
 C = Spawn XP percentage of total XP
 D = Spawn monster count
 E = Non-spawn monster count
 F = Spawn count percentage of total count
 G = Total turns spent on level
                    A         B        C        D         E        F      G
               +---------+---------+-------+---------+---------+-------+---------
         Total |       0 |     159 |   0.0 |       0 |       5 |   0.0 |   376
               +---------+---------+-------+---------+---------+-------+---------
             D |       0 |     159 |   0.0 |       0 |       5 |   0.0 |   376
               +---------+---------+-------+---------+---------+-------+---------
